NYP
TRI-CITY VALLEYCATS @ HUDSON VALLEY RENEGADES
08/29/2099
 
TOP OF THE 1ST
Tri-City ValleyCats batting - Pitching for Hudson Valley Renegades : LHP Mike Sanford
Pitching: LHP Mike Sanford
Batting: LHB Tony Montoya 0-0: Ball
1-0: Called Strike
1-1: Swinging Strike
1-2: Ball
2-2: Foul Ball, location: 2F
2-2: Ball
3-2: Base on Balls
Batting: RHB Ryan Elder 0-0: Called Strike
0-1: Fly out, F6 (Popup, 6M, EV 67.5 MPH)
Batting: RHB John Graham 0-0: Ball
1-0: Foul Ball, location: 5F
1-1: Foul Ball, location: 5F
1-2: Foul Ball, location: 2F
1-2: Strikes out looking
Batting: RHB Sean Page 0-0: Called Strike
0-1: Ball
1-1: Fly out, F8 (Flyball, 78S, EV 78.1 MPH)
Top of the 1st over - 0 runs, 0 hits, 0 errors, 1 left on base; Tri-City 0 - Hudson Valley 0
BOTTOM OF THE 1ST
Hudson Valley Renegades batting - Pitching for Tri-City ValleyCats : RHP Justin Mackey
Pitching: RHP Justin Mackey
Batting: RHB Kadir bin Afif 0-0: SOLO HOME RUN (Flyball, 89XD, EV 106.3 MPH), Distance : 420 ft
Batting: RHB Evan Morrison 0-0: Called Strike
0-1: Ball
1-1: Foul Ball, location: 2F
1-2: Foul Ball, location: 25F
1-2: Ball
2-2: Ball
3-2: Strikes out swinging
Batting: SHB Leon Munoz 0-0: Ball
1-0: Foul Ball, location: 2F
1-1: Ball
2-1: Ball
3-1: Called Strike
3-2: SINGLE (Line Drive, 6MD, EV 100.0 MPH)
Batting: LHB Danny Grimstad 0-0: Called Strike
0-1: Foul Ball, location: 2F
0-2: Ball
1-2: Ball
2-2: Fly out, F8 (Flyball, 8RM, EV 78.8 MPH)
Batting: RHB Alfredo Zapata 0-0: Called Strike
0-1: Ball
1-1: Ball
2-1: Foul Ball, location: 9LSF
2-2: Ball
3-2: Foul Ball, location: 2F
3-2: Foul Ball, location: 2F
3-2: Base on Balls
Leon Munoz to second
Batting: RHB Carlos Aguilar 0-0: Ball
1-0: Ball
2-0: Ball
3-0: Base on Balls
Leon Munoz to third
Alfredo Zapata to second
Batting: RHB Bobby Schmidt 0-0: Ball
1-0: SINGLE (Groundball, 23, EV 76.9 MPH) (infield hit)
Leon Munoz scores
Alfredo Zapata to third
Carlos Aguilar to second
Batting: RHB Mike Anderson 0-0: Fly out, F8 (Line Drive, 8RM, EV 86.9 MPH)
Bottom of the 1st over - 2 runs, 3 hits, 0 errors, 3 left on base; Tri-City 0 - Hudson Valley 2
TOP OF THE 2ND
Tri-City ValleyCats batting - Pitching for Hudson Valley Renegades : LHP Mike Sanford
Batting: RHB Jose Jacinto 0-0: Called Strike
0-1: Swinging Strike
0-2: Strikes out swinging
Batting: RHB Mike Steiner 0-0: Fly out, F8 (Flyball, 8RXD, EV 83.1 MPH)
Batting: LHB Ricky Iraheta 0-0: Called Strike
0-1: SINGLE (Line Drive, 89S, EV 111.3 MPH)
Batting: RHB Andrew Ladson 0-0: Called Strike
0-1: Ball
1-1: Swinging Strike
1-2: Foul Ball, location: 3SF
1-2: Foul Ball, location: 3FF
1-2: Fly out, F5 (Popup, 5D, EV 53.1 MPH)
Top of the 2nd over - 0 runs, 1 hit, 0 errors, 1 left on base; Tri-City 0 - Hudson Valley 2
BOTTOM OF THE 2ND
Hudson Valley Renegades batting - Pitching for Tri-City ValleyCats : RHP Justin Mackey
Batting: RHB Jeremy LaFleur 0-0: Ball
1-0: Called Strike
1-1: Ball
2-1: Foul Ball, location: 9LSF
2-2: Strikes out swinging
Batting: RHB Kadir bin Afif 0-0: Ball
1-0: SINGLE (Groundball, 34D, EV 95.6 MPH)
Batting: RHB Evan Morrison 0-0: Swinging Strike
0-1: Swinging Strike
0-2: Strikes out looking
Batting: SHB Leon Munoz 0-0: Ball
1-0: Called Strike
1-1: Ball
2-1: Ball
3-1: Fly out, F9 (Flyball, 9D, EV 93.1 MPH)
Bottom of the 2nd over - 0 runs, 1 hit, 0 errors, 1 left on base; Tri-City 0 - Hudson Valley 2
TOP OF THE 3RD
Tri-City ValleyCats batting - Pitching for Hudson Valley Renegades : LHP Mike Sanford
Batting: LHB Richard Dennett 0-0: Ball
1-0: Called Strike
1-1: Ball
2-1: Called Strike
2-2: Strikes out swinging
Batting: LHB Tony Montoya 0-0: SOLO HOME RUN (Flyball, 7D, EV 106.3 MPH), Distance : 390 ft
Batting: RHB Ryan Elder 0-0: Ball
1-0: SINGLE (Line Drive, 7S, EV 110.6 MPH)
Batting: RHB John Graham 0-0: Called Strike
0-1: Ball
1-1: Foul Ball, location: 9LDF
1-2: Ball
2-2: Strikes out swinging
Batting: RHB Sean Page 0-0: Called Strike
0-1: Foul Ball, location: 2F
0-2: SINGLE (Groundball, 5S, EV 71.3 MPH) (infield hit)
Ryan Elder to second
Batting: RHB Jose Jacinto 0-0: Called Strike
0-1: Hit by Pitch
Ryan Elder to third
Sean Page to second
Batting: RHB Mike Steiner 0-0: Called Strike
0-1: Ball
1-1: Called Strike
1-2: Strikes out looking
Top of the 3rd over - 1 run, 3 hits, 0 errors, 3 left on base; Tri-City 1 - Hudson Valley 2
BOTTOM OF THE 3RD
Hudson Valley Renegades batting - Pitching for Tri-City ValleyCats : RHP Justin Mackey
Batting: LHB Danny Grimstad 0-0: Called Strike
0-1: Swinging Strike
0-2: Ball
1-2: Foul Ball, location: 2F
1-2: Foul Ball, location: 7LMF
1-2: Strikes out swinging
Batting: RHB Alfredo Zapata 0-0: Called Strike
0-1: Foul Ball, location: 3FF
0-2: Ball
1-2: Foul Ball, location: 25FF
1-2: SINGLE (Line Drive, 6D, EV 98.8 MPH)
Batting: RHB Carlos Aguilar 0-0: Ball
1-0: Fly out, F7 (Flyball, 78D, EV 108.8 MPH)
Batting: RHB Bobby Schmidt 0-0: Called Strike
0-1: Called Strike
0-2: Ball
Alfredo Zapata steals 2nd base
1-2: Ball
2-2: Ball
3-2: Ground out 6-3 (Groundball, 6, EV 101.9 MPH)
Bottom of the 3rd over - 0 runs, 1 hit, 0 errors, 1 left on base; Tri-City 1 - Hudson Valley 2
TOP OF THE 4TH
Tri-City ValleyCats batting - Pitching for Hudson Valley Renegades : LHP Mike Sanford
Batting: LHB Ricky Iraheta 0-0: Ball
1-0: Called Strike
1-1: Swinging Strike
1-2: Strikes out swinging
Batting: RHB Andrew Ladson 0-0: Called Strike
0-1: Ball
1-1: Ground out 6-3 (Groundball, 56, EV 80.0 MPH)
Batting: LHB Richard Dennett 0-0: Called Strike
0-1: Ball
1-1: Swinging Strike
1-2: Ball
2-2: Ball
3-2: Foul Ball, location: 2F
3-2: Fly out, F8 (Flyball, 89D, EV 105.6 MPH)
Top of the 4th over - 0 runs, 0 hits, 0 errors, 0 left on base; Tri-City 1 - Hudson Valley 2
BOTTOM OF THE 4TH
Hudson Valley Renegades batting - Pitching for Tri-City ValleyCats : RHP Justin Mackey
Batting: RHB Mike Anderson 0-0: Called Strike
0-1: Ground out 4-3 (Groundball, 4, EV 78.8 MPH)
Batting: RHB Jeremy LaFleur 0-0: Fly out, F9 (Flyball, 9LSF, EV 93.8 MPH)
Batting: RHB Kadir bin Afif 0-0: Called Strike
0-1: Fly out, F8 (Flyball, 8LD, EV 96.3 MPH)
Bottom of the 4th over - 0 runs, 0 hits, 0 errors, 0 left on base; Tri-City 1 - Hudson Valley 2
TOP OF THE 5TH
Tri-City ValleyCats batting - Pitching for Hudson Valley Renegades : LHP Mike Sanford
Batting: LHB Tony Montoya 0-0: Ball
1-0: Ball
2-0: Called Strike
2-1: Foul Ball, location: 23FF
2-2: Ball
3-2: Ground out 6-3 (Groundball, 6S, EV 89.4 MPH)
Batting: RHB Ryan Elder 0-0: Ball
1-0: Ground out 6-3 (Groundball, 6, EV 88.8 MPH)
Batting: RHB John Graham 0-0: Swinging Strike
0-1: Ball
1-1: Foul Ball, location: 2F
1-2: Strikes out swinging
Top of the 5th over - 0 runs, 0 hits, 0 errors, 0 left on base; Tri-City 1 - Hudson Valley 2
BOTTOM OF THE 5TH
Hudson Valley Renegades batting - Pitching for Tri-City ValleyCats : RHP Justin Mackey
Batting: RHB Evan Morrison 0-0: Foul Ball, location: 5F
0-1: Swinging Strike
0-2: Strikes out swinging
Batting: SHB Leon Munoz 0-0: Fly out, F9 (Flyball, 89M, EV 93.8 MPH)
Batting: LHB Danny Grimstad 0-0: Foul Ball, location: 5F
0-1: Swinging Strike
0-2: Foul Ball, location: 7LMF
0-2: Strikes out swinging
Bottom of the 5th over - 0 runs, 0 hits, 0 errors, 0 left on base; Tri-City 1 - Hudson Valley 2
TOP OF THE 6TH
Tri-City ValleyCats batting - Pitching for Hudson Valley Renegades : LHP Mike Sanford
Batting: RHB Sean Page 0-0: Ball
1-0: Ground out 5-3 (Groundball, 56S, EV 70.0 MPH)
Batting: RHB Jose Jacinto 0-0: Fly out, F7 (Flyball, 78M, EV 86.3 MPH)
Batting: RHB Mike Steiner 0-0: Fly out, F9 (Flyball, 9D, EV 94.4 MPH)
Top of the 6th over - 0 runs, 0 hits, 0 errors, 0 left on base; Tri-City 1 - Hudson Valley 2
BOTTOM OF THE 6TH
Hudson Valley Renegades batting - Pitching for Tri-City ValleyCats : RHP Justin Mackey
Batting: RHB Alfredo Zapata 0-0: Ball
1-0: Ball
2-0: Foul Ball, location: 7LSF
2-1: Ball
3-1: DOUBLE (Line Drive, 7LS, EV 96.3 MPH)
Batting: RHB Carlos Aguilar 0-0: Intentional Walk
Batting: RHB Bobby Schmidt 0-0: Called Strike
0-1: Foul Ball, location: 9LSF
0-2: Ball
1-2: Ball
2-2: Strikes out looking
Pitching: RHP Juan Ortiz
Batting: RHB Mike Anderson 0-0: Ground out 3-1 (Groundball, 34S, EV 69.4 MPH)
Alfredo Zapata to third
Carlos Aguilar to second
Batting: RHB Jeremy LaFleur 0-0: Ball
1-0: Called Strike
1-1: Swinging Strike
1-2: Ball
2-2: Strikes out looking
Bottom of the 6th over - 0 runs, 1 hit, 0 errors, 2 left on base; Tri-City 1 - Hudson Valley 2
TOP OF THE 7TH
Tri-City ValleyCats batting - Pitching for Hudson Valley Renegades : LHP Mike Sanford
Pinch Hitting: RHB Manny Arroyo 0-0: Ball
1-0: Ball
2-0: Ball
3-0: Called Strike
3-1: Foul Ball, location: 5SF
3-2: Base on Balls
Pitching: RHP Adrian Calzado
Batting: RHB Andrew Ladson 0-0: Ball
1-0: Called Strike
1-1: Bunt missed!
1-2: Strikes out swinging
Pinch Hitting: RHB Alex Dicochea 0-0: Called Strike
0-1: Ball
1-1: Swinging Strike
1-2: Strikes out looking
Batting: LHB Tony Montoya 0-0: Ball
1-0: Ball
2-0: Called Strike
2-1: Fly out, F6 (Popup, 6M, EV 56.9 MPH)
Top of the 7th over - 0 runs, 0 hits, 0 errors, 1 left on base; Tri-City 1 - Hudson Valley 2
BOTTOM OF THE 7TH
Hudson Valley Renegades batting - Pitching for Tri-City ValleyCats : RHP Juan Ortiz
Now at 1B: Guillermo Nerio
Now in LF: Tony Montoya
Now in CF: Manny Arroyo
Batting: RHB Kadir bin Afif 0-0: Ball
1-0: Ground out 6-3 (Groundball, 6, EV 87.5 MPH)
Batting: RHB Evan Morrison 0-0: Ball
1-0: Foul Ball, location: 23FF
1-1: Ground out 5-3 (Groundball, 5, EV 86.3 MPH)
Batting: SHB Leon Munoz 0-0: Called Strike
0-1: Ball
1-1: DOUBLE (Groundball, 3L, EV 104.4 MPH)
Batting: LHB Danny Grimstad 0-0: Called Strike
0-1: Foul Ball, location: 7LSF
0-2: Foul Ball, location: 3FF
0-2: Strikes out swinging
Bottom of the 7th over - 0 runs, 1 hit, 0 errors, 1 left on base; Tri-City 1 - Hudson Valley 2
TOP OF THE 8TH
Tri-City ValleyCats batting - Pitching for Hudson Valley Renegades : RHP Adrian Calzado
Batting: RHB Ryan Elder 0-0: Called Strike
0-1: Ball
1-1: Ball
2-1: Foul Ball, location: 2RF
2-2: Strikes out looking
Batting: RHB John Graham 0-0: Foul Ball, location: 9LSF
0-1: Ball
1-1: Called Strike
1-2: Ball
2-2: Foul Ball, location: 25FF
2-2: Ball
3-2: Ground out 4-3 (Groundball, 34, EV 104.4 MPH)
Batting: RHB Sean Page 0-0: Ball
1-0: Foul Ball, location: 23FF
1-1: Ball
2-1: Swinging Strike
2-2: Ball
3-2: Foul Ball, location: 5SF
3-2: Foul Ball, location: 2F
3-2: Ground out 6-3 (Groundball, 56, EV 110.6 MPH)
Top of the 8th over - 0 runs, 0 hits, 0 errors, 0 left on base; Tri-City 1 - Hudson Valley 2
BOTTOM OF THE 8TH
Hudson Valley Renegades batting - Pitching for Tri-City ValleyCats : RHP Juan Ortiz
Batting: RHB Alfredo Zapata 0-0: Ball
1-0: Fly out, F7 (Flyball, 78M, EV 93.8 MPH)
Batting: RHB Carlos Aguilar 0-0: Ball
1-0: Ball
2-0: Ball
3-0: Called Strike
3-1: Called Strike
3-2: Fly out, F3 (Popup, 3, EV 78.8 MPH)
Batting: RHB Bobby Schmidt 0-0: Ball
1-0: Ground out 5-3 (Groundball, 56S, EV 81.9 MPH)
Bottom of the 8th over - 0 runs, 0 hits, 0 errors, 0 left on base; Tri-City 1 - Hudson Valley 2
TOP OF THE 9TH
Tri-City ValleyCats batting - Pitching for Hudson Valley Renegades : RHP Adrian Calzado
Pitching: RHP Tony Salas
Now at 1B: Steve Roser
Now in RF: Kevin Rose
Batting: RHB Jose Jacinto 0-0: Ball
1-0: Foul Ball, location: 9LMF
1-1: Swinging Strike
1-2: Ground out 6-3 (Groundball, 6, EV 70.0 MPH)
Batting: RHB Mike Steiner 0-0: Ball
1-0: Fly out, F9 (Flyball, 9D, EV 91.9 MPH)
Batting: RHB Manny Arroyo 0-0: Ball
1-0: Fly out, F9 (Flyball, 9S, EV 95.0 MPH)
Top of the 9th over - 0 runs, 0 hits, 0 errors, 0 left on base; Tri-City 1 - Hudson Valley 2
Thursday, May 16th , 2024 - OOTP Baseball 24.11 Build 85